Map: Thunderbird LE

Players

Dark - Winner!

  • Race: Zerg Zerg
  • Spawn Location: 5:00

Classic

  • Race: Protoss Protoss
  • Spawn Location: 11:00

Event: 2019 WCS Global FInals

VOD

Have the link to the VOD?

Description

Time

  • Played on: Nov. 1, 2019, 10:48 p.m.
  • Length: 18:48

All games in this series

Show
View Real Time Build Order
Export as new Build Order

Dark Zerg - Winner!

Build Orders: Hatch First, Lurkers, Swarm Host 

Get SALT Encoding   

  12  0:00  Drone  
  13  0:11  Overlord  
  13  0:16  Drone  
  14  0:31  Drone x2  
  16  0:49  Hatchery  
  15  0:50  Drone  
  17  0:57  Drone  
  17  0:59  Drone  
  18  1:10  Extractor  
  17  1:13  Spawning Pool  
  17  1:16  Drone  
  17  1:21  Drone  
  18  1:28  Drone  
  19  1:39  Drone  
  20  1:50  Drone  
  21  1:57  Hatchery  
  20  2:01  Drone x2  
  22  2:10  Queen  
  24  2:18  Queen  
  26  2:24  Overlord  
  26  2:26  Zergling x2  
  26  2:29  Drone  
  28  2:38  Overlord  
  28  2:42  Drone  
  28  2:43  Drone x2  
  31  2:49  Queen  
  33  2:54  Pneumatized Carapace  
  33  2:55  Drone  
  34  2:59  Drone x2  
  36  3:11  Drone x2, Queen  
  36  3:12  Drone  
  41  3:15  Drone  
  41  3:16  Drone  
  43  3:24  Drone  
  43  3:32  Drone x2  
  43  3:33  Drone  
  43  3:34  Drone  
  47  3:36  Overlord x2  
  47  3:38  Drone  
  48  3:49  Spore Crawler  
  48  3:50  Spore Crawler  
  48  3:51  Spore Crawler  
  48  3:54  Queen  
  47  3:56  Drone x5  
  47  3:57  Drone  
  47  3:59  Drone  
  47  4:01  Drone  
  55  4:03  Drone  
  55  4:05  Overlord  
  55  4:09  Zergling x4  
  58  4:15  Extractor  
  58  4:16  Overlord, Drone  
  58  4:17  Overlord  
  58  4:31  Overlord  
  58  4:32  Lair  
  58  4:35  Drone x6  
  58  4:36  Roach Warren  
  58  4:37  Drone  
  58  4:38  Drone  
  65  4:40  Drone x2  
  65  4:42  Drone x2  
  69  4:46  Drone  
  69  4:47  Drone  
  69  4:50  Drone x2, Extractor  
  69  4:52  Extractor  
  71  4:55  Drone  
  72  5:04  Overlord  
  72  5:05  Overlord  
  72  5:09  Overlord  
  72  5:11  Overlord  
  72  5:16  Roach x5  
  72  5:21  Overlord  
  82  5:22  Overlord  
  82  5:23  Roach  
  82  5:24  Roach x2  
  88  5:31  Roach, Glial Reconstitution  
  88  5:34  Roach  
  88  5:35  Zergling x6  
  94  5:36  Zergling x2  
  94  5:46  Roach x5  
  94  5:47  Roach  
  99  5:52  Roach x2  
  99  5:54  Roach  
  99  5:56  Zergling x4  
  100  6:04  Roach  
  94  6:06  Roach  
  94  6:08  Roach  
  94  6:10  Zergling x6  
  97  6:16  Roach  
  95  6:20  Roach  
  95  6:21  Zergling x2  
  92  6:26  Roach  
  92  6:28  Drone  
  92  6:30  Drone  
  93  6:39  Drone  
  91  6:40  Drone x2  
  91  6:47  Drone  
  91  6:49  Drone x2  
  94  6:55  Drone x3  
  94  7:00  Extractor, Queen  
  99  7:01  Drone x3, Extractor  
  99  7:02  Drone  
  99  7:03  Drone x2  
  103  7:10  Drone x2  
  103  7:12  Drone x2  
  103  7:14  Drone  
  103  7:15  Drone  
  107  7:16  Hatchery  
  107  7:22  Drone  
  105  7:23  Drone  
  105  7:24  Drone  
  105  7:26  Drone  
  105  7:27  Drone  
  105  7:29  Infestation Pit  
  108  7:30  Drone  
  108  7:32  Drone x3  
  108  7:34  Drone x2  
  114  7:39  Drone  
  114  7:40  Drone  
  114  7:41  Drone  
  114  7:42  Drone  
  118  7:45  Drone  
  118  7:48  Nydus Network  
  118  7:49  Ravager x4  
  118  7:50  Overlord x2  
  122  7:56  Overlord  
  122  7:57  Overlord  
  122  8:02  Overlord, Overseer  
  122  8:07  Overlord  
  122  8:08  Overlord  
  122  8:09  Overlord  
  122  8:18  Swarm Host  
  122  8:19  Swarm Host x5  
  140  8:20  Swarm Host  
  140  8:25  Swarm Host x2  
  149  8:30  Swarm Host  
  149  8:32  Drone x5  
  157  8:35  Drone x3  
  157  8:40  Drone x2  
  157  8:41  Drone x3  
  164  8:46  Evolution Chamber  
  164  8:48  Swarm Host x2  
  163  8:51  Swarm Host x2  
  163  8:54  Overlord, Nydus Canal  
  175  8:57  Spore Crawler  
  175  8:58  Extractor x2  
  171  9:03  Metabolic Boost  
  171  9:06  Swarm Host x2  
  177  9:17  Zerg Missile Weapons Level 1, Swarm Host  
  177  9:19  Zergling x22  
  190  9:31  Hydralisk Den  
  190  9:32  Overlord  
  190  9:33  Nydus Canal  
  189  9:38  Overlord  
  189  9:48  Nydus Canal  
  189  9:55  Spine Crawler  
  189  9:57  Spine Crawler  
  189  9:59  Nydus Canal  
  187  10:00  Hive  
  187  10:02  Lurker Den  
  187  10:04  Zergling x20  
  187  10:05  Hatchery  
  188  10:12  Roach x4  
  180  10:20  Roach x3  
  180  10:21  Roach x8  
  200  10:30  Nydus Canal  
  200  10:44  Nydus Canal  
  200  10:48  Grooved Spines  
  200  10:50  Overlord  
  200  10:57  Nydus Canal  
  200  11:02  Overlord  
  198  11:07  Spine Crawler x2  
  198  11:08  Spine Crawler  
  189  11:26  Hydralisk x5, Overseer x2  
  193  11:33  Nydus Canal  
  193  11:36  Hydralisk x3  
  196  11:55  Hydralisk x2  
  196  11:56  Zerg Missile Weapons Level 2  
  196  11:57  Overlord  
  196  11:59  Muscular Augments, Lurker x2  
  196  12:00  Evolution Chamber  
  196  12:01  Adaptive Talons  
  199  12:04  Hydralisk x2  
  199  12:06  Overseer  
  197  12:11  Overseer  
  197  12:12  Nydus Canal  
  189  12:18  Hydralisk x5  
  189  12:19  Hydralisk  
  189  12:20  Lurker x4  
  189  12:21  Lurker x2  
  200  12:32  Zerg Ground Armor Level 1  
  200  12:50  Nydus Canal  
  198  12:54  Lurker x2  
  197  13:05  Nydus Canal  
  197  13:08  Hatchery  
  197  13:09  Hydralisk x2  
  192  13:15  Hydralisk x3  
  192  13:17  Hydralisk  
  192  13:18  Hatchery  
  165  13:20  Hydralisk x13  
  165  13:21  Zergling x4  
  165  13:22  Zergling x8  
  179  13:37  Lurker x2  
  178  13:45  Lurker x3  
  178  13:46  Lurker x2  
  178  13:47  Hydralisk x3  
  181  13:53  Hydralisk x2  
  183  13:56  Overseer  
  177  14:03  Overseer  
  177  14:09  Hydralisk x7  
  187  14:18  Drone x8  
  187  14:20  Lurker x2  
  197  14:27  Drone x3  
  200  14:31  Nydus Canal  
  196  14:58  Overseer, Spire  
  195  15:04  Lurker x5  
  185  15:16  Hydralisk x8  
  185  15:17  Drone  
  185  15:18  Drone x2  
  185  15:19  Spore Crawler, Extractor  
  185  15:20  Extractor, Spine Crawler  
  194  15:22  Zerg Missile Weapons Level 3  
  194  15:23  Zergling x2  
  194  15:24  Zergling x16  
  194  15:26  Nydus Canal  
  197  15:29  Hydralisk  
  197  15:33  Zergling x4  
  197  15:34  Zergling x4  
  199  15:36  Nydus Canal  
  199  15:46  Zerg Ground Armor Level 2  
  199  15:51  Nydus Canal  
  199  16:03  Lurker  
  199  16:04  Nydus Canal  
  200  16:13  Spore Crawler  
  200  16:17  Hydralisk x11  
  197  16:21  Hydralisk x4  
  197  16:23  Hydralisk  
  179  16:27  Zergling x10  
  179  16:29  Hydralisk  
  154  16:42  Hydralisk x4  
  154  16:47  Zergling x10  
  154  16:48  Hydralisk x2  
  154  16:50  Lurker  
  154  16:51  Lurker  
  154  16:52  Zergling x4  
  163  16:58  Lurker  
  163  16:59  Zergling x8  
  165  17:05  Hydralisk x3  
  164  17:10  Hydralisk x2  
  164  17:11  Zergling x2  
  164  17:13  Hydralisk  
  149  17:18  Overseer, Zergling x4  
  149  17:19  Hydralisk  
  138  17:24  Hydralisk  
  134  17:31  Drone x2  
  134  17:32  Drone x3  
  139  17:44  Drone x7  
  138  17:45  Drone  
  138  17:51  Hydralisk x2  
  144  17:52  Hydralisk x2  
  149  18:05  Zergling x18  
  145  18:21  Drone x3  
  158  18:30  Zergling x18  
Show
View Real Time Build Order
Export as new Build Order

Classic Protoss 

Build Orders: 1 Gate Expand, Oracle Opening, Phoenix Opening, Chargelot Immortal 

Get SALT Encoding   

  12  0:00  Probe  
  13  0:12  Probe  
  14  0:17  Pylon  
  14  0:24  Probe (Chrono Boost)  
  15  0:36  Probe (Chrono Boost)  
  15  0:38  Gateway  
  16  0:45  Probe (Chrono Boost)  
  16  0:46  Assimilator  
  17  0:51  Probe  
  18  1:03  Probe  
  19  1:14  Pylon  
  19  1:15  Probe  
  20  1:31  Nexus  
  20  1:34  Probe  
  21  1:44  Cybernetics Core  
  21  1:47  Probe  
  21  1:52  Assimilator  
  22  1:59  Probe  
  23  2:02  Pylon  
  23  2:11  Probe  
  24  2:17  Adept (Chrono Boost)  
  24  2:22  Stargate  
  26  2:24  Probe  
  26  2:29  Warp Gate  
  27  2:36  Probe (Chrono Boost)  
  28  2:40  Adept  
  28  2:43  Probe (Chrono Boost)  
  31  2:48  Probe (Chrono Boost)  
  32  2:53  Probe (Chrono Boost)  
  32  2:54  Probe (Chrono Boost)  
  32  2:58  Probe (Chrono Boost)  
  34  3:02  Probe  
  36  3:06  Phoenix (Chrono Boost)  
  36  3:10  Pylon, Probe  
  39  3:14  Probe  
  40  3:22  Probe  
  40  3:24  Oracle (Chrono Boost)  
  40  3:26  Probe  
  43  3:32  Gateway  
  43  3:35  Probe  
  43  3:38  Twilight Council, Probe  
  43  3:41  Assimilator  
  45  3:47  Probe  
  46  3:50  Probe  
  46  3:51  Gateway  
  47  3:58  Gateway  
  47  4:01  Gateway  
  48  4:02  Probe  
  48  4:03  Probe  
  48  4:07  Pylon  
  48  4:08  Resonating Glaives (Chrono Boost)  
  49  4:15  Probe x2  
  51  4:17  Adept  
  53  4:25  Assimilator  
  53  4:26  Adept  
  53  4:31  Probe x2  
  57  4:34  Pylon  
  57  4:36  Robotics Facility  
  57  4:43  Adept  
  59  4:50  Pylon  
  59  4:52  Adept x3  
  65  4:58  Adept  
  67  5:04  Adept  
  69  5:14  Adept x3  
  69  5:17  Pylon  
  69  5:18  Adept  
  77  5:24  Nexus  
  77  5:26  Observer  
  78  5:38  Adept x4  
  82  5:56  Immortal (Chrono Boost)  
  77  6:07  Pylon, Probe x2, Charge  
  73  6:24  Probe x2  
  73  6:29  Immortal (Chrono Boost)  
  73  6:31  Sentry x4  
  73  6:32  Zealot  
  79  6:41  Robotics Facility  
  79  6:46  Probe  
  79  6:47  Probe x2  
  73  6:48  Gateway  
  74  6:55  Shield Battery  
  74  6:56  Immortal (Chrono Boost)  
  74  6:58  Shield Battery  
  74  7:00  Forge  
  78  7:04  Zealot  
  78  7:07  Stalker x2  
  78  7:08  Stalker x2  
  88  7:11  Pylon  
  88  7:17  Probe x3  
  88  7:21  Gateway  
  91  7:24  Gateway  
  91  7:29  Templar Archives  
  91  7:31  Warp Prism (Chrono Boost)  
  91  7:32  Probe x3  
  91  7:36  Protoss Ground Weapons Level 1 (Chrono Boost)  
  96  7:38  Observer (Chrono Boost)  
  96  7:44  Probe x3  
  99  7:49  Zealot  
  102  7:51  Assimilator  
  102  7:52  Assimilator, Pylon  
  102  7:56  Probe x3  
  105  8:00  Immortal x2 (Chrono Boost)  
  113  8:13  Psionic Storm  
  113  8:15  Pylon  
  113  8:18  Photon Cannon  
  113  8:20  Pylon  
  113  8:27  Photon Cannon  
  113  8:30  Pylon  
  113  8:32  High Templar x2  
  117  8:36  Immortal x2  
  117  8:48  Photon Cannon  
  127  8:50  Pylon  
  127  8:54  High Templar  
  127  8:59  High Templar  
  129  9:06  Zealot x2  
  133  9:13  Immortal (Chrono Boost)  
  133  9:15  Zealot  
  133  9:16  Zealot x2  
  145  9:20  Warp Prism (Chrono Boost)  
  136  9:32  Blink  
  136  9:35  Nexus  
  136  9:37  Pylon  
  136  9:39  Zealot x3  
  142  9:55  Zealot x2  
  142  9:56  Zealot x2  
  142  9:59  High Templar x3  
  156  10:00  High Templar  
  156  10:03  Archon  
  156  10:04  Archon  
  156  10:06  Immortal  
  158  10:08  Archon  
  148  10:17  Zealot x4  
  150  10:26  Immortal  
  154  10:30  Probe x3  
  154  10:34  High Templar x2  
  161  10:46  Immortal  
  165  10:51  High Templar x2  
  165  10:52  Zealot x4  
  165  10:53  Assimilator  
  165  10:55  Assimilator  
  177  11:17  Pylon  
  177  11:19  Pylon  
  177  11:21  Pylon  
  177  11:22  Pylon  
  177  11:25  Gateway x2  
  177  11:27  Pylon  
  177  11:29  Nexus  
  177  11:31  Protoss Ground Weapons Level 2 (Chrono Boost)  
  177  11:32  Pylon  
  177  11:38  Forge  
  177  11:43  Stalker x3  
  159  11:57  Stalker  
  159  11:58  High Templar x2  
  159  11:59  High Templar x2  
  161  12:03  Archon x2  
  150  12:21  Stalker x4  
  156  12:33  Stalker x4  
  146  12:55  Stalker x2  
  146  12:56  Stalker x6  
  162  13:02  Protoss Ground Armor Level 1 (Chrono Boost)  
  162  13:04  Assimilator  
  162  13:05  Assimilator  
  134  13:20  Archon  
  134  13:24  Zealot x8  
  154  13:27  Immortal x2 (Chrono Boost)  
  158  13:37  Protoss Shields Level 1 (Chrono Boost)  
  156  13:46  Stalker x4  
  156  13:47  Stalker x2  
  166  13:50  Stalker  
  166  13:51  Stalker  
  170  14:02  Oracle  
  155  14:08  Observer x2 (Chrono Boost)  
  149  14:20  High Templar x2  
  149  14:23  Photon Cannon  
  151  14:25  Photon Cannon  
  151  14:28  Immortal x2 (Chrono Boost)  
  159  14:39  Zealot  
  159  14:40  Zealot  
  159  14:43  Nexus  
  159  14:44  Pylon  
  159  14:59  Zealot x5  
  166  15:00  Zealot  
  166  15:01  Oracle  
  159  15:12  Archon  
  151  15:21  High Templar x4  
  151  15:23  Pylon  
  151  15:28  Zealot x4  
  151  15:42  Immortal x2  
  159  15:47  Observer  
  159  15:52  Zealot x4  
  165  15:57  High Templar x4  
  165  16:02  Archon x2  
  167  16:08  Observer  
  140  16:26  Zealot x4  
  136  16:34  Zealot x4  
  136  16:39  Immortal x2  
  130  16:52  Zealot x4  
  128  16:58  Zealot x4  
  101  17:17  Immortal x2 (Chrono Boost)  
  101  17:20  High Templar x4  
  101  17:30  Zealot x3  
  88  17:45  Zealot  
  88  17:47  Immortal x2 (Chrono Boost)  
  80  18:00  Zealot  
  80  18:01  Zealot x6  
  80  18:04  Pylon  
  83  18:13  Zealot  
  83  18:19  Observer x2 (Chrono Boost)  
  76  18:23  Zealot x6  
Tags
 
Add a new tag
Caveats
  • Supply blocks, unpowered buildings, or Contaminate may cause inaccurate times.
  • Supply counts are checked every 10 seconds.